 Dungeon Crawl Stone Soup version 0.27-a0-1078-g0d77da13b5 (webtiles) character file.

Game seed: 18302477263834151563

29 LordDeathwing the Digger (level 3, -2/19 HPs)
             Began as a Gargoyle Earth Elementalist on Apr 24, 2021.
             Killed from afar by Terence (6 damage)
             ... with a puff of flame
             ... on level 2 of the Dungeon.
             The game lasted 00:05:13 (932 turns).

LordDeathwing the Digger (GrEE)                      Turns: 932, Time: 00:05:14

Health: -2/19      AC:  5    Str: 11    XL:     3   Next: 16%
Magic:  4/6        EV: 12    Int: 16    God:
Gold:   25         SH:  0    Dex: 10    Spells: 2/6 levels left

rFire    . . .     SeeInvis .   i - +2 dagger (holy)
rCold    . . .     Faith    .   (no shield)
rNeg     + . .     Spirit   .   c - +0 robe
rPois    ∞         Reflect  .   (no helmet)
rElec    +         Harm     .   (no cloak)
rCorr    .         Rampage  .   (no gloves)
Will     .....                  (no boots)
Stlth    ++........             (no amulet)
HPRegen  0.06/turn              (no ring)
MPRegen  0.10/turn              (no ring)

@: very slightly contaminated
A: AC +3, negative energy resistance 1, electricity resistance, torment
resistance 1, unbreathing 1, petrification resistance
a: no special abilities


You were on level 2 of the Dungeon.
You visited 1 branch of the dungeon, and saw 2 of its levels.

You collected 25 gold pieces.

Inventory:

Hand Weapons
 f - a +0 quarterstaff
 i - a +2 dagger of holy wrath (weapon)
Missiles
 b - 17 stones
Armour
 c - a +0 robe (worn)
Scrolls
 g - a scroll of teleportation {unknown}
 h - 3 scrolls of identify {unknown}
Potions
 a - a potion of lignification {unknown}
 d - a potion of cancellation {unknown}
 e - a potion of heal wounds {unknown}
 j - a potion of flight {unknown}


   Skills:
 + Level 2.0 Dodging
 + Level 2.7 Stealth
 + Level 2.3 Spellcasting
 * Level 0.1 Conjurations
 - Level 0.7 Transmutations
 + Level 4.0 Earth Magic


You had 2 spell levels left.
You knew the following spells:

 Your Spells              Type           Power      Damage    Failure   Level
a - Sandblast             Erth           28%        2d8       3%          1
b - Stone Arrow           Conj/Erth      16%        3d8       26%         3

Your spell library contained the following spells:

 Spells                   Type           Power      Damage    Failure   Level
 Passwall                 Tmut/Erth      7%         N/A       12%         2
 Petrify                  Tmut/Erth      9%         N/A       58%         4
 Lee's Rapid Deconstruct  Erth           7%         3d7*      71%         5


Dungeon Overview and Level Annotations

Branches:
Dungeon (2/15)

Altars:

Annotations:
D:2 Terence


Innate Abilities, Weirdness & Mutations

Your stone body is resilient. (AC +3)
You are immune to poison.
You resist negative energy. (rN+)
You are resistant to electric shocks. (rElec)
You are resistant to unholy torment.
You can survive without breathing.
You are immune to petrification.


Message History

The blast of sand hits the rat!
You kill the rat!
Aiming: Sandblast (safe; 3% risk of failure)
Press: ? - help, Q - select action, (/) - cycle Shift-Dir - straight line, f - rat
Aim: a rat (79% to hit)
The blast of sand hits the rat.
The rat is severely wounded.
Aiming: Sandblast (safe; 3% risk of failure)
Press: ? - help, Q - select action, (/) - cycle Shift-Dir - straight line, f/p - rat
Aim: a rat (severely wounded, 79% to hit)
The blast of sand hits the rat.
You kill the rat!
You open the door.
There is an open door here.
Done exploring.
Search for what [? for help]? .
(D) Dungeon
Where to? (? - help)
What level of the Dungeon? (default 1, ? - help)
There is a stone staircase leading down here.
You climb downwards.
Terence the Incautious comes into view.
He is wielding a +0 flail and carrying a wand of flame (20).
There is a stone staircase leading up here.
Aiming: Sandblast (safe; 3% risk of failure)
Press: ? - help, Q - select action, (/) - cycle Shift-Dir - straight line, f - Terence
Aim: Terence, wielding a +0 flail, wearing a +0 chain mail and carrying a wand of flame (20) (asleep, 100% to hit)
The blast of sand hits Terence but does no damage.
Terence shouts!
Terence zaps a wand.
The puff of flame hits you!
Ouch! That really hurt!
Aiming: Sandblast (safe; 3% risk of failure)
Press: ? - help, Q - select action, (/) - cycle Shift-Dir - straight line, f/p - Terence
Aim: Terence, wielding a +0 flail, wearing a +0 chain mail and carrying a wand of flame (19) (85% to hit)
You miscast Sandblast.
You are very lightly contaminated with residual magic.
Nothing appears to happen.
Terence zaps a wand.
The puff of flame hits you.
* * * LOW HITPOINT WARNING * * *
Terence zaps a wand.
The puff of flame hits you.
You die...

..#
#.#
#.#
#.#
#@#
#.#
#.#
#@#
###


You could see Terence.

Vanquished Creatures
  A gnoll (D:1)
  A dart slug (D:1)
  A ball python (D:1)
  An endoplasm (D:1)
  2 hobgoblins (D:1)
  2 kobolds (D:1)
  A quokka (D:1)
  4 bats (D:1)
  A goblin (D:1)
  5 rats (D:1)
19 creatures vanquished.

Notes
Turn   | Place    | Note
-------+----------+-------------------------------------------
     0 | D:1      | LordDeathwing the Gargoyle Earth Elementalist began the
                  | quest for the Orb.
     0 | D:1      | Reached XP level 1. HP: 10/10 MP: 3/3
   132 | D:1      | Reached XP level 2. HP: 15/15 MP: 0/5
   537 | D:1      | Reached skill level 4 in Earth Magic
   537 | D:1      | Reached XP level 3. HP: 13/19 MP: 2/6
   541 | D:1      | Learned a level 3 spell: Stone Arrow
   929 | D:2      | Noticed Terence
   932 | D:2      | Killed from afar by Terence

Illustrated notes

Levels and vault maps discovered:
D:1:      minmay_arrival_open_corners, layout_basic, minmay_misc_feat_x
D:2:      minmay_thinvault, layout_basic, serial_forest, infiniplex_forest_join,
          infiniplex_forest_clump_medium, infiniplex_forest_straight_2,
          infiniplex_forest_clump_cross, infiniplex_forest_split,
          infiniplex_forest_straight_3,
          shapermc_ecumenical_altar_mp_urbaneastern, serial_bayou_lagoon_a,
          uniq_terence

Skill      XL: |  1  2 |
---------------+-------+-----
Dodging        | 2 |  2.0
Earth Magic    | 4 |  4.0
Stealth        | |  2.7
Spellcasting   | |  2.3
Conjurations   | |  0.1
Transmutations | |  0.7

Action                   || total
-------------------------++-------
 Cast: Sandblast         ||    29
Armor: Robe              ||     1
Dodge: Dodged            ||     1

Table legend: (Time is in decaauts)
 A = Elapsed time spent in this place.
 B = Non-inter-level travel time spent in this place.
 C = Inter-level travel time spent in this place.
 D = Time resting spent in this place.
 E = Time spent auto-exploring this place.
 F = Levels seen in this place.
 G = Mean time per level.
                   A        B        C        D        E       F      G
               +--------+--------+--------+--------+--------+-----+--------+
         Total |    930 |    913 |     17 |     39 |    760 |   2 |  465.0 |
       Dungeon |    930 |    913 |     17 |     39 |    760 |   2 |  465.0 |
               +--------+--------+--------+--------+--------+-----+--------+

Top non-repeatable levels by time:
     D:1: 927 daAuts
     D:2: 2 daAuts
